 Dungeon Crawl Stone Soup version 0.29-a0-121-g8efb068a30 (webtiles) character file.

Game seed: 4296382911455277061

43 Gargoyl the Skirmisher (level 3, 0/24 HPs)
             Began as a Gargoyle Abyssal Knight on Feb 20, 2022.
             Was a Follower of Lugonu.
             Slain by an orc (5 damage)
             ... on level 2 of the Dungeon.
             The game lasted 00:01:18 (1279 turns).

Gargoyl the Skirmisher (Gargoyle Abyssal Knight)    Turns: 1279, Time: 00:01:19

Health: 0/24       AC:  6    Str: 18    XL:     3   Next: 58%
Magic:  4/4        EV: 11    Int: 10    God:    Lugonu [*.....]
Gold:   37         SH:  0    Dex: 10    Spells: 2/2 levels left

rFire   . . .      SeeInvis .   a - +1 hand axe
rCold   . . .      Faith    .   (no shield)
rNeg    + . .      Spirit   .   b - +0 leather armour
rPois   ∞          Reflect  .   (no helmet)
rElec   +          Harm     .   (no cloak)
rCorr   .          Rampage  .   (no gloves)
Will    .....                   (no boots)
Stlth   +.........              (no amulet)
HPRegen 0.08/turn               (no ring)
MPRegen 0.09/turn               (no ring)

@: no status effects
A: sickness immunity, AC +3, negative energy resistance 1, electricity
resistance, torment resistance 1, petrification resistance
a: Renounce Religion, Depart the Abyss


You were on level 2 of the Dungeon.
You worshipped Lugonu.
Lugonu was aware of your devotion.
You visited 1 branch of the dungeon, and saw 2 of its levels.
You visited the Abyss 1 time.

You collected 37 gold pieces.

Inventory:

Hand Weapons
 a - a +1 hand axe (weapon)
Armour
 b - a +0 leather armour (worn)
Jewellery
 g - a +6 ring of intelligence
Scrolls
 d - a scroll of teleportation
 e - a scroll of enchant weapon {unknown}
 f - 3 scrolls of identify
 i - a scroll of enchant armour {unknown}
Potions
 h - a potion of haste {unknown}


   Skills:
 + Level 4.0 Fighting
 + Level 2.2 Axes
 + Level 2.6 Armour
 + Level 0.9 Dodging
 + Level 0.1 Stealth
 + Level 2.3 Invocations


You had 2 spell levels left.
You didn't know any spells.
Your spell library contained the following spells:

 Spells                   Type           Power      Damage    Failure   Level
 Animate Skeleton         Necr           0%         N/A       41%         1
 Pain                     Necr           0%         1d4       41%         1
 Vampiric Draining        Necr           0%         2d6       80%         3


Dungeon Overview and Level Annotations

Branches:
Dungeon (2/15)

Altars:


Innate Abilities, Weirdness & Mutations

You are immune to sickness and miasma.
Your stone body is resilient. (AC +3)
You are immune to poison.
You resist negative energy. (rN+)
You are resistant to electric shocks. (rElec)
You are resistant to unholy torment.
You are immune to petrification.


Message History

The orc wizard hits you with a +0 dagger.
* * * LOW HITPOINT WARNING * * *
The orc hits you but does no damage.
It was a potion of heal wounds.
You feel much better. The orc barely misses you.
The orc wizard closely misses you. The orc barely misses you.
You bump into the rock wall.
The orc closely misses you.
The orc wizard points at you and mumbles some strange words.
The magic dart hits you. The orc closely misses you.
Unknown command.
You closely miss the orc wizard. You closely miss the orc. You miss the orc.
The orc completely misses you.
The orc wizard hits you with a +0 dagger.
The orc completely misses you.
Unknown command.
You miss the orc wizard. You barely miss the orc.
You hit the orc but do no damage. The orc misses you.
The orc wizard barely misses you. The orc misses you.
The orc hits you but does no damage.
Unknown command.
You're too confused to move!
You feel less confused. The orc wizard casts a spell at you.
The puff of flame hits you! The orc misses you.
The orc hits you with a +0 short sword.
You closely miss the orc wizard. You closely miss the orc. x2
The orc wizard points at you and mumbles some strange words.
The puff of flame hits you.
* * * LOW HITPOINT WARNING * * *
The orc completely misses you. The orc hits you but does no damage.
The orc wizard barely misses you.
Unknown command.
You closely miss the orc wizard. You closely miss the orc.
You hit the orc but do no damage. The orc barely misses you. x2
The orc wizard barely misses you.
You hit the orc wizard.
The orc wizard is moderately wounded.
You closely miss the orc. You hit the orc.
The orc hits you but does no damage. x2
The orc wizard closely misses you. The orc hits you with a +0 hand axe.
You die...

#######
#.....#
#@o...#
#oo.†.#
#..........
#..........
#..$..####.
#.....#
#.....#
####...
....


You could see an orc wizard and 2 orcs.

Vanquished Creatures
  Natasha (D:2)
  3 endoplasms (D:1)
  5 giant cockroaches (D:1)
  A goblin (D:1)
  A quokka (D:1)
  A ball python (D:1)
  2 bats (D:1)
  2 kobolds (D:1)
  A rat (D:1)
17 creatures vanquished.

Notes
Turn   | Place    | Note
-------+----------+-------------------------------------------
     0 | Abyss:1  | Gargoyl the Gargoyle Abyssal Knight began the quest for the
                  | Orb.
     0 | Abyss:1  | Reached XP level 1. HP: 14/14 MP: 2/2
     0 | D:1      | Escaped the Abyss
   208 | D:1      | Reached * piety under Lugonu
   596 | D:1      | Reached XP level 2. HP: 16/19 MP: 3/3
   906 | D:1      | Found a faded altar of an unknown god.
  1260 | D:2      | Noticed Natasha
  1267 | D:2      | Killed Natasha
  1268 | D:2      | Reached skill level 4 in Fighting
  1268 | D:2      | Reached XP level 3. HP: 5/24 MP: 4/4
  1279 | D:2      | Slain by an orc

Illustrated notes

Levels and vault maps discovered:
D:1:      dpeg_arrival_ternary, layout_loops_corners,
          nicolae_ecumenical_snake_handling, hangedman_abyss_or_decor_stabs,
          minmay_parallelograms, minmay_worlds_worst_comb
D:2:      layout_rooms, basic_altar, chequers_garden, uniq_natasha

Skill      XL: |  1  2 |
---------------+-------+-----
Axes           | 2 |  2.2
Fighting       | 4 |  4.0
Armour         | |  2.6
Dodging        | |  0.9
Stealth        | |  0.1
Invocations    | |  2.3

Action                   || total
-------------------------++-------
Melee: Hand axe          ||    63
Invok: Depart the Abyss  ||     1
  Use: Scroll            ||     1
       Potion            ||     1
Armor: Leather armour    ||    41
Dodge: Dodged            ||    75

Table legend: (Time is in decaauts)
 A = Elapsed time spent in this place.
 B = Non-inter-level travel time spent in this place.
 C = Inter-level travel time spent in this place.
 D = Time resting spent in this place.
 E = Time spent auto-exploring this place.
 F = Levels seen in this place.
 G = Mean time per level.
                   A        B        C        D        E       F      G
               +--------+--------+--------+--------+--------+-----+--------+
         Total |   1291 |   1239 |     52 |      0 |   1018 |   3 |  430.3 |
       Dungeon |   1291 |   1239 |     52 |      0 |   1018 |   2 |  645.5 |
         Abyss |      0 |      0 |      0 |      0 |      0 |   1 |    0.0 |
               +--------+--------+--------+--------+--------+-----+--------+

Top non-repeatable levels by time:
     D:1: 1271 daAuts
     D:2: 20 daAuts
